 Dungeon Crawl Stone Soup version 0.16.1-14-g82efdee (webtiles) character file.

1822 KarvaRausku the Cleaver (level 8, 0/63 HPs)
             Began as a Purple Draconian Berserker on Apr 12, 2015.
             Was a High Priest of Trog.
             Slain by an orc warrior
             ... wielding a +0 scimitar
              (26 damage)
             ... on level 7 of the Dungeon.
             The game lasted 00:15:53 (5892 turns).

KarvaRausku the Cleaver (DrBe)                      Turns: 5892, Time: 00:15:53

Health: 0/63       AC:  8    Str: 20    XL:     8   Next: 85%
Magic:  8/8        EV: 13    Int:  7    God:    Trog [*****.]
Gold:   268        SH:  0    Dex: 13    Spells: 0 memorised, 7 levels left

rFire  . . .     SeeInvis .     D - +0 hand axe (freeze)
rCold  . . .     Clarity  .     (armour unavailable)
rNeg   . . .     SustAb   +     (no shield)
rPois  .         Gourm    .     (helmet restricted)
rElec  .         Spirit   .     (no cloak)
rCorr  .         Warding  .     Q - +0 pair of gloves
rMut   .         Stasis   .     d - +0 pair of boots
MR     +....                    b - amulet of regeneration
Stlth  ++........               O - ring of sustain abilities
                                B - ring of stealth

@: somewhat resistant to hostile enchantments, unstealthy
A: breathe power, unfitting armour, cold-blooded, AC +6
a: Breathe Dispelling Energy, Burn Spellbooks, Berserk, Trog's Hand, Brothers in
Arms, Renounce Religion


You were on level 7 of the Dungeon.
You worshipped Trog.
Trog was extremely pleased with you.
You were hungry.

You visited 1 branch of the dungeon, and saw 7 of its levels.
You also visited: Sewer.

You collected 268 gold pieces.

Inventory:

Hand weapons
 a - a +0 hand axe
 D - a +0 hand axe of freezing (weapon)
 E - a +0 hand axe
Missiles
 v - 18 stones (quivered)
 K - 3 tomahawks of returning
 N - 7 javelins
Armour
 d - a +0 pair of boots (worn)
 Q - a +0 pair of gloves (worn)
Jewellery
 b - an amulet of regeneration (around neck)
 i - an uncursed amulet of clarity
 y - an uncursed amulet of rage
 B - a ring of stealth (left hand)
 M - an uncursed ring of magical power
 O - a ring of sustain abilities (right hand)
Magical devices
 n - a wand of flame (25)
 o - a wand of magic darts (19)
 G - a wand of teleportation (6)
 H - a wand of magic darts (20)
 I - a wand of random effects (33)
Scrolls
 e - a scroll of remove curse {unknown}
 g - 7 scrolls of identify
 k - a scroll of immolation {unknown}
 p - 4 scrolls of fog {unknown}
 q - 7 scrolls of teleportation
 r - 3 scrolls of recharging {unknown}
 s - 3 scrolls of amnesia {unknown}
 w - 4 scrolls of magic mapping {unknown}
 x - 2 scrolls of fear {unknown}
 L - a scroll of enchant weapon {unknown}
Potions
 f - 3 potions of brilliance
 h - a potion of cancellation {unknown}
 j - a potion of lignification {unknown}
 l - 2 potions of heal wounds
 m - 2 potions of agility
 t - 2 potions of might {unknown}
 u - 3 potions of magic {unknown}
 z - 2 potions of curing
 C - a potion of haste {unknown}
 J - a potion of restore abilities {unknown}
 P - a potion of ambrosia {unknown}
 R - a potion of flight {unknown}
Comestibles
 c - 3 bread rations
 A - 7 fruits
 F - 3 meat rations
 S - 3 chunks of flesh


   Skills:
 - Level 3.2 Fighting
 + Level 11.6 Axes
 - Level 2.6 Dodging


You had 7 spell levels left.
You didn't know any spells.

Dungeon Overview and Level Annotations

Branches:
Dungeon (7/15)             Temple (0/1) D:5

Altars:
Ashenzari
Dithmenos
Fedhas
Kikubaaqudgha
Okawaru
Zin
The Shining One

Shops:
D:6 *


Innate Abilities, Weirdness & Mutations

You can breathe bolts of energy.
You can dispel enchantments when you breathe energy.
Your rich purple scales are hard (AC +6).
Your body does not fit into most forms of armour.
Your cold-blooded metabolism reacts poorly to cold.


Message History

You hit the orc warrior. You freeze the orc warrior.
The orc warrior is moderately wounded.
You are feeling hungry.
You hit the orc warrior. You freeze the orc warrior.
Your tail-slap misses the orc warrior.
The orc warrior is severely wounded.
You hit the orc. You freeze the orc.
The orc is severely wounded.
You hit the orc warrior but do no damage.
Your tail-slap misses the orc warrior.
The orc warrior is severely wounded.
You hit the orc but do no damage.
The orc is severely wounded.
The orc closely misses you.
You barely miss the orc warrior.
The orc warrior is severely wounded.
You hit the orc but do no damage.
The orc is severely wounded.
The orc warrior hits you with a scimitar!!
You die...

... ......... ..
......... .
..........
..........
#.........
#########.........
#......##).........
#######......###o)#
................@o.#
########......###..#
...................#
#################.>#
##.# .# .# .#


You could see an orc warrior and an orc.

Vanquished Creatures
  Grinder (D:5)
  Prince Ribbit (D:7)
  A sky beast (D:5)
  An ice beast (D:6)
  An ogre (D:4)
  4 giant frogs
  A scorpion (D:5)
  4 crimson imps
  3 hounds
  2 orc priests
  A centaur skeleton (D:5)
  Natasha (thrice) (D:5)
  3 worker ants
  3 iguanas
  Jessica (D:2)
  A hound skeleton (D:4)
  3 gnolls
  6 river rats
  11 adders
  A giant mite (D:3)
  A worm (D:4)
  An adder skeleton (D:5)
  2 giant geckos
  An ooze (D:3)
  11 orcs
  5 giant cockroaches
  8 goblins
  8 hobgoblins
  6 jackals
  3 quokkas
  15 ball pythons
  7 bats
  11 giant newts
  11 kobolds
  A quokka zombie (D:6)
  30 rats
173 creatures vanquished.

Notes
Turn   | Place    | Note
--------------------------------------------------------------
     0 | D:1      | KarvaRausku, the Draconian Berserker, began the quest for the Orb.
     0 | D:1      | Reached XP level 1. HP: 19/19 MP: 1/1
   205 | D:1      | Reached XP level 2. HP: 19/26 MP: 2/2
   290 | D:1      | Acquired Trog's second power
   335 | D:1      | Reached skill level 4 in Axes
   589 | D:2      | Reached XP level 3. HP: 31/31 MP: 3/3
   784 | D:2      | Found a shadowy altar of Dithmenos.
   803 | D:2      | Found an iron altar of Okawaru.
   810 | D:2      | Found a glowing golden altar of the Shining One.
   812 | D:2      | Found an ancient bone altar of Kikubaaqudgha.
   928 | D:2      | Noticed Jessica
   934 | D:2      | Killed Jessica
   934 | D:2      | Reached skill level 5 in Axes
   934 | D:2      | Reached XP level 4. HP: 32/38 MP: 4/4
  1271 | D:2      | Found a shattered altar of Ashenzari.
  1615 | D:3      | Found a glowing drain.
  1636 | Sewer    | Entered a sewer
  1832 | Sewer    | Reached XP level 5. HP: 30/45 MP: 5/5
  2063 | Sewer    | Reached skill level 6 in Axes
  2269 | Sewer    | Acquired Trog's third power
  2654 | Sewer    | Noticed a giant frog
  2655 | Sewer    | Noticed a giant frog
  2743 | Sewer    | Killed a giant frog
  2743 | Sewer    | Reached skill level 7 in Axes
  2743 | Sewer    | Reached XP level 6. HP: 51/51 MP: 6/6
  2750 | Sewer    | Killed a giant frog
  3799 | D:4      | Reached skill level 8 in Axes
  3799 | D:4      | Your scales start taking on a rich purple colour.
  3799 | D:4      | Reached XP level 7. HP: 57/57 MP: 7/7
  4089 | D:5      | Entered Level 5 of the Dungeon
  4232 | D:5      | Noticed Grinder
  4252 | D:5      | Killed Grinder
  4252 | D:5      | Reached skill level 9 in Axes
  4309 | D:5      | Noticed Natasha
  4323 | D:5      | Killed Natasha
  4333 | D:5      | Noticed Natasha
  4365 | D:5      | Killed Natasha
  4432 | D:5      | Noticed Natasha
  4433 | D:5      | Killed Natasha
  4489 | D:5      | Reached XP level 8. HP: 54/63 MP: 8/8
  4567 | D:5      | Found a blossoming altar of Fedhas.
  4568 | D:5      | Found a glowing silver altar of Zin.
  4612 | D:5      | Found a staircase to the Ecumenical Temple.
  4710 | D:5      | Reached skill level 10 in Axes
  5108 | D:6      | Found Faumuuku's General Store.
  5389 | D:6      | Reached skill level 11 in Axes
  5783 | D:7      | Noticed Prince Ribbit
  5791 | D:7      | Killed Prince Ribbit
  5892 | D:7      | Slain by an orc warrior

Action                   |  1- 3 |  4- 6 |  7- 9 || total
-------------------------+-------+-------+-------++-------
Melee: Hand axe          |    94 |   271 |   285 ||   650
Throw: Stone             |       |     5 |     2 ||     7
Invok: Berserk           |     1 |     5 |     1 ||     7
       Trog's Hand       |       |       |     2 ||     2
 Abil: Breathe Dispellin |       |       |     2 ||     2
  Use: Potion            |     1 |     3 |       ||     4
       Scroll            |       |     1 |     1 ||     2
 Stab: Sleeping          |       |       |     6 ||     6
  Eat: Chunk             |       |    12 |    10 ||    22
       Beef jerky        |       |     2 |       ||     2
